 Dungeon Crawl Stone Soup version 0.31-a0-408-gb642c7f9a3 (webtiles) character file.

Game seed: 6429325454104767760

189370 drugrobin the Warrior (level 16, -22/238 HPs)
             Began as a Demigod Delver on July 29, 2023.
             Killed from afar by a merfolk aquamancer (30 damage)
             ... with a torrent of water
             ... on level 1 of the Shoals.
             The game lasted 02:30:23 (41177 turns).

drugrobin the Warrior (Demigod Delver)             Turns: 41177, Time: 02:30:24

Health: -22/238    AC: 19    Str: 26 (28) XL:     16   Next: 95%
Magic:  32/32      EV:  9    Int: 20      God:
Gold:   2366       SH:  8    Dex: 11 (15) Spells: 24/31 levels left

rFire   . . .        b - +0 broad axe (elec)
rCold   . . .        i - +0 buckler
rNeg    . . .        z - +2 chain mail {Will+}
rPois   +            N - +2 hat of Indomitability {+Blink Str+3 Stlth+}
rElec   .            I - +2 cloak {rPois}
rCorr   .            q - +0 pair of gloves
SInv    .            w - +2 pair of boots
Will    +++..        v - amulet of Bumepp Tuve {Reflect Regen+ SH+5} Stlth
                     S - ring of wizardry
HPRegen 1.39/turn    t - ring of willpower
MPRegen 0.23/turn

%: reflection, wizardry (x1)
@: berserking, invisible, very quick
A: high MP 1, forlorn, divine attributes
}: 1/15 runes: gossamer
a: Evoke Blink


You were on level 1 of the Shoals.
You visited 5 branches of the dungeon, and saw 27 of its levels.
You also visited: Gauntlet.

You collected 2972 gold pieces.
You spent 606 gold pieces at shops.

Inventory:

Hand Weapons
 a - a +0 broad axe of draining
 b - a +0 broad axe of electrocution (weapon)
 c - a +2 trident of venom
Missiles
 m - 13 curare-tipped darts
 M - 3 silver javelins (quivered)
Armour
 i - a +0 buckler (worn)
 q - a +0 pair of gloves (worn)
 w - a +2 pair of boots (worn)
 z - a +2 chain mail of willpower (worn)
 I - a +2 cloak of poison resistance (worn)
 N - the +2 hat of Indomitability (worn) {+Blink Str+3 Stlth+}
   (You found it in a Gauntlet)

   Str:       It affects your strength (+3).
   +Blink:    It lets you blink.
   Stlth:     It makes you more stealthy.
Magical Staves
 d - a staff of air
Jewellery
 r - a ring of protection from cold
 t - a ring of willpower (right hand)
 v - the amulet of Bumepp Tuve (around neck) {Reflect Regen+ SH+5}
   (You found it in a Gauntlet)

   [amulet of reflection]

   It reflects blocked missile attacks.
   Regen:     It increases your rate of health regeneration.
   SH:        It affects your SH (+5).
 D - a ring of resist corrosion
 G - a ring of fire
 S - a ring of wizardry (left hand)
 X - a ring of ice
Wands
 g - a wand of digging (13)
 n - a wand of iceblast (17)
 A - a wand of charming (22)
 L - a wand of light (20)
 O - a wand of mindburst (9)
 Z - a wand of flame (8)
Scrolls
 e - a scroll of fear
 l - 2 scrolls of vulnerability
 o - 2 scrolls of revelation
 u - 8 scrolls of immolation
 x - a scroll of poison
 y - a scroll of summoning
 H - 3 scrolls of fog
 K - 12 scrolls of teleportation
 U - 2 scrolls of blinking
Potions
 f - 3 potions of haste
 j - 12 potions of curing
 k - 10 potions of heal wounds
 p - a potion of cancellation {unknown}
 C - 3 potions of berserk rage
 F - 15 potions of ambrosia
 J - 2 potions of resistance
 T - a potion of invisibility
 W - a potion of enlightenment
Miscellaneous
 s - a lightning rod (4/4)
 P - a piece from Xom's chessboard (15/15)
 Q - a phantom mirror
 R - a phial of floods
 V - a condenser vane
 Y - a sack of spiders (inert)


   Skills:
 - Level 18.4 Fighting
 - Level 18.0 Axes
 * Level 1.4 Armour
 - Level 2.0 Dodging
 - Level 4.6 Stealth
 - Level 8.0 Spellcasting
 + Level 10.0 Air Magic
 - Level 8.0 Evocations


You had 24 spell levels left.
You knew the following spells:

 Your Spells              Type           Power      Damage    Failure   Level
a - Vhi's Electric Charg  Tloc/Air       56%        N/A       9%          3
b - Summon Lightning Spi  Summ/Air       28%        N/A       26%         4

Your spell library contained the following spells:

 Spells                   Type           Power      Damage    Failure   Level
 Necrotise                Necr           32%        1d5       22%         1
 Ozocubu's Armour         Ice            8%         N/A       52%         3
 Portal Projectile        Hex/Tloc       16%        N/A       52%         3
 Tukima's Dance           Hex            8%         N/A       52%         3
 Vampiric Draining        Necr           8%         2d6       52%         3
 Arcjolt                  Conj/Air       14%        1d24      58%         5
 Animate Armour           Summ/Erth      16%        N/A       89%         4
 Animate Dead             Necr           8%         N/A       89%         4
 Iskenderun's Mystic Bla  Conj/Tloc      8%         2d4       89%         4
 Manifold Assault         Tloc           8%         N/A       89%         4
 Summon Ice Beast         Ice/Summ       8%         N/A       89%         4
 Agony                    Necr           8%         N/A       99%         5
 Borgnjor's Vile Clutch   Necr/Erth      4%         N/A       99%         5
 Lee's Rapid Deconstruct  Erth           4%         3d5*      99%         5
 Summon Mana Viper        Hex/Summ       8%         N/A       99%         5
 Death Channel            Necr           4%         N/A       100%        6
 Dispersal                Tloc           4%         N/A       100%        6
 Monstrous Menagerie      Summ           4%         N/A       100%        7
 Ozocubu's Refrigeration  Ice            4%         4d8       100%        7
 Disjunction              Tloc           4%         N/A       100%        8
 Maxwell's Capacitive Co  Air            24%        ∞         100%        8
 Death's Door             Necr           4%         N/A       100%        9


Dungeon Overview and Level Annotations

Branches:
Dungeon (15/15)            Temple (0/1) D:5            Lair (5/5) D:8
 Shoals (1/4) Lair:3       Spider (4/4) Lair:3        Slime (0/5) Lair:5
    Orc (2/2) D:11            Elf (0/3) Orc:2        Vaults (0/5) D:13
 Depths (0/4) D:15        Gauntlet (visited)

Shops:
D:1 [   D:2 *![:   D:7 (   D:8 !   D:12 (   D:15 *   Orc:2 *[:(

Annotations:
Lair:5 3 runed translucent doors, amoryguerra's ghost, journeyman MiBe
Spider:1 Asterion
Orc:1 3 runed translucent doors, Koigyickaps's ghost, journeyman HOMo
Orc:2 1 runed translucent door, olmar's ghost, journeyman AtFi


Innate Abilities, Weirdness & Mutations

You have an increased reservoir of magic. (+10% MP)
You shall have no god before yourself.
Your divine heritage dramatically boosts your attributes as you level up.


Message History

Unknown command.
Unknown command.
You slash the water elemental!
The water elemental is severely damaged.
You catch the helpless water elemental completely off-guard!
You slice the water elemental!!
You destroy the water elemental!
The merfolk aquamancer casts a spell.
The merfolk aquamancer blinks!
Unknown command.
Unknown command.
Unknown command.
Unknown command.
Unknown command.
You slash the water elemental!
The water elemental is almost destroyed.
You block the water elemental's attack.
Unknown command.
Unknown command.
Unknown command.
Unknown command.
You completely miss the water elemental.
The water elemental is almost destroyed.
Unknown command.
Unknown command.
Unknown command.
You slash the wind drake!
The wind drake is lightly wounded.
You barely miss the water elemental.
Unknown command.
Unknown command.
Unknown command.
Unknown command.
You closely miss the wind drake.
The wind drake is lightly wounded.
You slash the water elemental!
You destroy the water elemental!
The merfolk aquamancer points at you and mumbles some strange words.
The torrent of water hits you!!
You die...

~~~......<#...#.~~~~~~~~~~~~~~~~.
~~~~......)......~~~~~~~~~~~~~~~~
≈~~~........###..~~~~~≈~~~~~~≈≈≈~
≈≈~~~......####..~~~~≈≈≈~~~~≈≈≈≈~
≈≈≈~~~....####..~~~~~≈≈≈~~~~≈≈≈~~
≈≈≈~~~~~........~~~~≈≈~~~~~~~≈≈≈§
≈≈≈≈~~~~~~~.....H~~~~≈~~~~~~~~~~~
≈≈≈≈~~~~~~~~~....k.§~≈~~~~~~~~~~~
≈≈≈~~~~~~.~~~.@†..~~~≈≈≈≈≈~~~~~
≈≈≈≈~~~~~~~~~~~..~~~~≈≈≈≈≈≈~~~~
≈≈≈≈≈~~~~~~~~~~~~~~~~≈≈≈≈≈≈≈≈≈≈
≈≈≈≈≈≈≈~~~~~~~~~~~~~≈≈≈≈≈≈≈≈≈≈≈
≈≈≈≈≈≈≈≈≈≈≈≈~~~~m≈≈≈≈≈≈≈≈≈≈≈≈≈
≈≈≈≈≈≈≈≈≈≈≈≈≈≈≈≈≈≈≈≈≈≈≈≈≈
≈≈≈≈≈≈≈≈≈≈≈≈≈≈≈≈≈≈≈≈≈≈≈≈
#####################


You could see a merfolk aquamancer, a wind drake (repels missiles, unable to see
you) and a manticore (wandering, unable to see you).

Vanquished Creatures
  Arachne (Spider:4)
  A kraken (Shoals:1)
  An iron dragon (D:14)
  3 orc warlords
  2 ghost moths (Spider:4)
  9 emperor scorpions
  2 broodmothers (Spider:2)
  Nessos (Lair:3)
  A minotaur (Gauntlet)
  A crystal guardian (D:14)
  An ettin (D:14)
  4 entropy weavers
  3 yaktaur captains
  Fannar (D:12)
  2 jorogumos
  7 hydras
  3 centaur warriors
  2 radroaches
  A death knight (D:14)
  2 catoblepae
  3 merfolk aquamancers (Shoals:1)
  11 boulder beetles
  3 two-headed ogres
  6 death yaks
  A deep troll earth mage (D:14)
  4 demonic crawlers
  3 tengu warriors
  3 orc high priests (Orc:2)
  2 skysharks (Lair:5)
  Sonja (Lair:4)
  A death drake (shapeshifter) (D:14)
  A sun moth (Spider:2)
  4 pharaoh ants
  14 sea snakes (Shoals:1)
  9 skeletal warriors
  6 orb spiders
  A wizard (D:14)
  7 steelbarb worms
  2 wolf spider zombies (D:15)
  A lindwurm (Lair:3)
  6 harpies (Shoals:1)
  5 orc knights
  4 deep elf pyromancers
  5 orc sorcerers
  A necromancer (D:15)
  7 manticores
  10 cyclopes
  8 ugly things
  17 wolf spiders
  3 fauns (Shoals:1)
  A merfolk siren (Shoals:1)
  5 black mambas
  A water nymph (Shoals:1)
  11 elephants
  2 moths of wrath
  21 cane toads
  3 naga magi (D:15)
  2 gargoyles
  2 torpor snails
  2 rime drakes
  3 yaktaurs
  A nameless horror (Spider:4)
  An efreet (D:15)
  8 komodo dragons
  2 tengu conjurers (D:14)
  2 tyrant leeches (Lair:5)
  5 merfolk
  A harpy skeleton (D:15)
  5 polar bears
  A wolf spider simulacrum (D:14)
  A merfolk (shapeshifter) (D:14)
  10 trolls
  6 meliai
  20 tarantellas
  12 blink frogs (Lair:5)
  A queen bee (Spider:1)
  A snapping turtle (Shoals:1)
  9 flying skulls (Gauntlet)
  A dream sheep (D:9)
  9 slime creatures (D:12)
  24 jumping spiders
  A centaur simulacrum (D:11)
  A vampire (D:12)
  6 water elementals
  20 culicivoras
  A shadow (D:9)
  35 yaks
  2 wyverns
  A fire bat (shapeshifter) (D:10)
  2 steam dragons
  3 basilisks
  Grum (D:11)
  34 redbacks
  7 vampire mosquitoes
  2 wargs
  15 water moccasins
  38 orc warriors
  2 ice beasts
  A black bear (D:6)
  2 sky beasts
  A black bear (shapeshifter) (D:14)
  6 ogres
  26 wolves
  9 centaurs
  A phantom (D:5)
  2 kobold brigands
  17 bullfrogs
  A gnoll sergeant (D:7)
  4 scorpions
  7 wights
  24 killer bees
  2 electric eels (Lair:5)
  7 howler monkeys
  2 jellies
  Crazy Yiuf (D:7)
  27 orc priests
  A hound (D:6)
  5 iguanas
  38 orc wizards
  Terence (D:3)
  10 gnolls
  9 adders
  A shadow imp (Gauntlet)
  2 white imps
  2 ufetubi (D:11)
  3 worms
  6 dart slugs
  99 orcs
  5 endoplasms
  A giant cockroach (D:3)
  7 goblins
  6 hobgoblins
  4 jackals (D:2)
  4 quokkas
  9 ball pythons
  6 bats
  3 frilled lizards
  15 kobolds
  3 rats
  2 tentacles (Shoals:1)
923 creatures vanquished.

Vanquished Creatures (collateral kills)
  Mlioglotl (Shoals:1)
  A hydra (D:14)
  A merfolk avatar (Shoals:1)
  2 wolf spiders
  A water nymph (Shoals:1)
  A merfolk siren (Shoals:1)
  A tarantella (Spider:4)
  A jumping spider (Spider:4)
  A redback (Spider:4)
10 creatures vanquished.

Vanquished Creatures (others)
  4 dream sheep (D:9)
  A redback (Spider:3)
  An orc wizard (Orc:2)
  10 tentacles (Shoals:1)
16 creatures vanquished.

Grand Total: 949 creatures vanquished

Notes
Turn   | Place    | Note
-------+----------+-------------------------------------------
     0 | D:5      | drugrobin the Demigod Delver began the quest for the Orb.
     0 | D:5      | Reached XP level 1. HP: 18/18 MP: 3/3
    82 | D:5      | Reached XP level 2. HP: 13/25 MP: 4/4
   134 | D:5      | Noticed a scorpion
   165 | D:5      | Noticed a scorpion
   181 | D:5      | Killed a scorpion
   182 | D:5      | Reached XP level 3. HP: 7/30 MP: 5/5
   647 | D:1      | Reached XP level 4. HP: 35/37 MP: 6/6
  1009 | D:1      | Found Nuodweni's Armour Emporium.
  1516 | D:2      | Found Valirch's General Store.
  1530 | D:2      | Bought a scroll of identify for 20 gold pieces
  1741 | D:2      | Reached XP level 5. HP: 36/44 MP: 7/7
  1801 | D:2      | Found Lorharry's Armour Shoppe.
  1835 | D:2      | Found Xatar's Book Boutique.
  2100 | D:2      | Found Bynwuwk's Distillery.
  2106 | D:2      | Reached skill level 5 in Axes
  2109 | D:2      | Bought a potion of curing for 33 gold pieces
  2507 | D:3      | Noticed Terence
  2524 | D:3      | Killed Terence
  3458 | D:4      | Reached XP level 6. HP: 47/50 MP: 8/8
  3706 | D:4      | Noticed a water moccasin
  4209 | D:5      | Found a staircase to the Ecumenical Temple.
  4222 | D:5      | Reached XP level 7. HP: 51/56 MP: 9/9
  5954 | D:6      | Reached XP level 8. HP: 53/62 MP: 10/10
  6396 | D:7      | Found Sot Soco's Antique Weapon Shoppe.
  6451 | D:7      | Identified the +4 hand axe of Fundamental Breach {protect,
                  | Str+2}
  6546 | D:6      | Reached skill level 10 in Axes
  7240 | D:7      | Found a runed translucent door.
  7241 | D:7      | Noticed Crazy Yiuf
  7487 | D:7      | Reached XP level 9. HP: 62/68 MP: 11/11
  7759 | D:7      | Killed Crazy Yiuf
  8280 | D:8      | Found a staircase to the Lair.
  8349 | D:8      | Found Ytziu's Distillery.
  8352 | D:8      | Bought a potion of heal wounds for 75 gold pieces
  8736 | D:9      | Reached skill level 1 in Evocations
  8986 | D:9      | Noticed a skeletal warrior
  9444 | D:10     | Entered Level 10 of the Dungeon
  9515 | D:10     | Reached XP level 10. HP: 60/75 MP: 13/13
  9539 | D:10     | Noticed a two-headed ogre
  9547 | D:10     | Noticed a two-headed ogre
  9908 | Lair:1   | Entered Level 1 of the Lair of Beasts
 10036 | Lair:1   | Noticed an elephant
 10038 | Lair:1   | Noticed an elephant
 10090 | Lair:1   | Noticed an elephant
 10090 | Lair:1   | Noticed an elephant
 10092 | Lair:1   | Noticed an elephant
 10099 | Lair:1   | Noticed an elephant
 10140 | D:8      | Killed an elephant
 10710 | D:9      | Killed a two-headed ogre
 10744 | D:9      | Killed a two-headed ogre
 10745 | D:9      | Reached skill level 5 in Fighting
 11373 | D:10     | Noticed a cyclops
 11579 | D:10     | Killed a cyclops
 11683 | D:10     | Reached XP level 11. HP: 77/92 MP: 14/14
 12670 | D:11     | Noticed a tengu warrior
 13644 | Lair:1   | Reached skill level 10 in Fighting
 14427 | D:11     | Killed a tengu warrior
 14923 | D:11     | Found a staircase to the Orcish Mines.
 14961 | D:11     | Noticed Grum
 14970 | D:11     | Killed Grum
 15738 | D:9      | Noticed a skeletal warrior
 15739 | D:9      | Noticed a skeletal warrior
 16297 | Lair:2   | Reached XP level 12. HP: 110/110 MP: 15/15
 16311 | Lair:2   | Noticed a five-headed hydra
 16318 | Lair:2   | Killed a five-headed hydra
 16389 | Lair:2   | Reached skill level 15 in Axes
 17071 | Lair:3   | Found a hole to the Spider Nest.
 17291 | Lair:3   | Noticed Nessos
 17298 | Lair:3   | Killed Nessos
 17309 | Lair:3   | Noticed a five-headed hydra
 17319 | Lair:3   | Killed a five-headed hydra
 18204 | Lair:3   | Found a staircase to the Shoals.
 18635 | Lair:4   | Noticed a five-headed hydra
 18650 | Lair:4   | Killed a five-headed hydra
 18651 | Lair:4   | Upgraded the game from 0.31-a0-369-g8eba5f6939 to
                  | 0.31-a0-408-gb642c7f9a3
 18692 | Lair:4   | Noticed Sonja
 18693 | Lair:4   | Killed Sonja
 18950 | Lair:4   | Reached XP level 13. HP: 97/116 MP: 16/16
 20012 | Lair:5   | Entered Level 5 of the Lair of Beasts
 20229 | Lair:5   | Found a staircase to the Slime Pits.
 22424 | Lair:5   | Found a runed translucent gate.
 22424 | Lair:5   | Found a runed translucent gate.
 22426 | Lair:5   | Found a runed translucent gate.
 22426 | Lair:5   | Noticed amoryguerra's ghost (journeyman MiBe)
 23436 | Orc:1    | Entered Level 1 of the Orcish Mines
 23718 | Orc:1    | Noticed an orc warlord
 23774 | D:11     | Killed an orc warlord
 23775 | D:11     | Reached skill level 1 in Spellcasting
 23833 | Orc:1    | Noticed Koigyickaps's ghost (journeyman HOMo)
 23836 | Orc:1    | Found a runed translucent gate.
 23836 | Orc:1    | Found a runed translucent gate.
 23836 | Orc:1    | Found a runed translucent gate.
 24416 | Orc:2    | Entered Level 2 of the Orcish Mines
 24417 | Orc:2    | Noticed an orc warlord
 24433 | Orc:1    | Reached XP level 14. HP: 95/132 MP: 20/20
 25065 | Orc:2    | Found a staircase to the Elven Halls.
 25310 | Orc:2    | Noticed an orc warlord
 25885 | Orc:2    | Found a runed translucent door.
 25885 | Orc:2    | Noticed olmar's ghost (journeyman AtFi)
 25976 | Orc:2    | Paralysed by an orc sorcerer for 4 turns
 26346 | Orc:2    | Paralysed by an orc sorcerer for 5 turns
 26543 | Orc:2    | HP: 4/133 [orc/+0 hand axe (8)]
 26544 | Orc:2    | Killed an orc warlord
 27122 | Orc:2    | Reached skill level 5 in Spellcasting
 27179 | Orc:2    | Learned a level 3 spell: Vhi's Electric Charge
 27281 | Orc:2    | Found Jadek's Antique Armour Shop.
 27282 | Orc:2    | Found Qiczuh's Antique Weapon Boutique.
 27285 | Orc:2    | Found Zushal's General Store.
 27285 | Orc:2    | Found Yfow's Book Shop.
 27302 | Orc:2    | Bought a scroll of identify for 26 gold pieces
 27302 | Orc:2    | Bought a potion of lignification for 39 gold pieces
 27312 | Orc:2    | Bought a faintly humming leather armour for 210 gold pieces
 27312 | Orc:2    | Identified the +1 leather armour of Generosity {Str+5} (You
                  | bought it in a shop on level 2 of the Orcish Mines)
 27563 | Orc:2    | HP: 6/133 [poisoned by an orc warlord]
 27564 | Orc:2    | Killed an orc warlord
 27568 | Orc:2    | HP: 3/133 [poisoned by an orc warlord]
 28211 | D:12     | Found a gate leading to a gauntlet.
 28223 | Gauntlet | Entered a Gauntlet
 28223 | Gauntlet | Found a transporter.
 28223 | Gauntlet | Found a transporter.
 28225 | Gauntlet | Found a transporter.
 28238 | Gauntlet | Found a transporter.
 28246 | Gauntlet | Found a transporter.
 28251 | Gauntlet | Found a transporter.
 28269 | Gauntlet | Found a transporter.
 28277 | Gauntlet | Found a transporter.
 28279 | Gauntlet | Noticed a reaper
 28294 | Gauntlet | Found a transporter.
 28298 | Gauntlet | Found a transporter.
 28347 | Gauntlet | Found a transporter.
 28438 | Gauntlet | Found the +18 shield of the Gong {Loud rN+ Will+ rCorr
                  | EV-5}
 28450 | Gauntlet | Found a transporter.
 28557 | Gauntlet | Identified the +2 hat of Indomitability {+Blink Str+3
                  | Stlth+}
 28766 | Gauntlet | Identified the amulet of Bumepp Tuve {Reflect Regen+ SH+5}
 28806 | Gauntlet | Identified the +0 arbalest "Qeiklot" {freeze, Dex+5}
 29415 | D:12     | Found Konual's Weapon Shop.
 29417 | D:12     | Noticed Fannar
 29435 | D:12     | Killed Fannar
 30129 | D:13     | Reached skill level 15 in Fighting
 30188 | D:13     | Found a gate to the Vaults.
 31534 | D:14     | Reached skill level 5 in Evocations
 31646 | D:14     | Reached XP level 15. HP: 42/141 MP: 31/31
 32137 | D:14     | Identified the +0 whip of Kuthre {vamp, rC+ Str+3 Dex+2}
 32183 | D:14     | Got the Folio of Wicked Deeds
 32371 | D:15     | Entered Level 15 of the Dungeon
 32371 | D:15     | Found Ymityv's Assorted Antiques.
 32393 | D:15     | Bought a glowing scale mail for 203 gold pieces
 33252 | D:15     | Found a staircase to the Depths.
 33655 | Spider:1 | Entered Level 1 of the Spider Nest
 33880 | Spider:1 | Noticed Asterion
 33895 | Spider:1 | Reached skill level 1 in Air Magic
 34600 | Spider:2 | Learned a level 4 spell: Summon Lightning Spire
 35881 | Spider:2 | Reached skill level 5 in Air Magic
 36446 | Spider:2 | Reached XP level 16. HP: 140/154 MP: 32/32
 37516 | Spider:4 | Entered Level 4 of the Spider Nest
 38470 | Spider:4 | Noticed Arachne
 38508 | Spider:4 | Killed Arachne
 39779 | Spider:4 | Got a gossamer rune of Zot
 40082 | Shoals:1 | Entered Level 1 of the Shoals
 40585 | Shoals:1 | Noticed Mlioglotl
 40602 | Shoals:1 | Killed Mlioglotl
 41036 | Shoals:1 | Noticed a kraken
 41098 | Shoals:1 | Killed a kraken
 41099 | Shoals:1 | Reached skill level 1 in Armour
 41166 | Shoals:1 | HP: 3/159 [water elemental[a merfolk aquamancer] (12)]
 41172 | Shoals:1 | Reached skill level 10 in Air Magic
 41177 | Shoals:1 | Killed from afar by a merfolk aquamancer

Illustrated notes

Levels and vault maps discovered:
D:1:      saegor_arrival_simple_a, layout_basic,
          ebering_ecumenical_altar_petrified, serial_shops, shop,
          nicolae_houndstooth_variations
D:2:      layout_loops_ring, basic_altar, serial_shops, nicolae_shop_scrapyard,
          nicolae_shop_industrial_runoff, shop_statue, shop
D:3:      layout_rooms, serial_aquarium, aquarium_bridge_square
          [aquarium_subvault_bridge, aquarium_subvault_bridge,
          aquarium_subvault_bridge, aquarium_subvault_balcony],
          aquarium_bridge_square [aquarium_subvault_wall,
          aquarium_subvault_window, aquarium_subvault_bridge,
          aquarium_subvault_wall], aquarium_window_fake, aquarium_window_1,
          aquarium_window_corridor_1, aquarium_view_2b, aquarium_balcony_1a,
          aquarium_pool_side, serial_bayou_crossing, uniq_terence
D:4:      layout_basic, mainiacjoe_overflow_two_lobes, serial_bayou_pond_c
D:5:      layout_basic, minmay_temple_entry_glass
D:6:      layout_gridville, nzn_wu_jian_contemplation, grunt_decor_arrowhead,
          hangedman_decor_push, minivault_22, minmay_fountain_box, minmay_bent
D:7:      layout_loops_cross, serial_shops, nicolae_stop_n_shop_1, minmay_holes,
          uniq_crazy_yiuf_cottage
D:8:      layout_cave_pools, lair_entry_dummy, serial_shops, kennysheep_mini
D:9:      layout_irregular_city, kb_xom_exploding_sheep
D:10:     layout_big_octagon, reono_crystal_passage, minmay_puff
D:11:     layout_stronghold, david_orc_4, serial_ice, serial_ice_h,
          serial_ice_d, serial_ice_e, serial_ice_a, hangedman_fish_farm,
          uniq_grum
D:12:     layout_loops_cross, serial_shops, shop, gauntlet_entry_generic,
          uniq_fannar
D:13:     layout_loops_cross, david_vaults_2, hangedman_decor_diamond_cutter
D:14:     lemuel_traditional_vault, layout_irregular_city,
          corexii_hall_statues_deadend, amcnicky_mini_pool_small, drop_trap,
          chequers_serial_rivers_room_a, nemelex_xobeh_ov_fountains_minmay
D:15:     grunt_enter_depths_magical_seal, layout_long_grid, minmay_hedge_maze,
          serial_shops, shop
Lair:1:   layout_regular_city, infiniplex_staircase_pool, lemuel_fruit_tree,
          grunt_megastairs_5, serial_bayou_shore_b
Lair:2:   layout_roguey, minivault_11
Lair:3:   layout_misc_corridors, elwin_shoals_entry_rooms, spider_nest_entry_a,
          infiniplex_staircase_pool_2, uniq_nessos
Lair:4:   layout_concentric_octagons, kennysheep_catoblepas_arena, uniq_sonja
Lair:5:   minmay_lair_end_frog_pond, layout_regular_city, slime_entry_1,
          gammafunk_ghost_hydra_chop
Shoals:1: cheibrodos_shoals_three_sisters, layout_shoals, uniq_mlioglotl
Spider:1: layout_spider_delve, nicolae_spider_rock_and_or_roll, uniq_asterion
Spider:2: layout_cave_pods, special_room [special_room_bee], drop_trap
Spider:3: layout_spider_delve
Spider:4: grunt_spider_rune_circles, drop_trap,
          hangedman_spider_tarantella_strand, uniq_arachne
Orc:1:    layout_caves, basic_altar, gammafunk_ghost_split
Orc:2:    st_orc_congregation, layout_diamond_mine,
          ebering_ghost_reflecting_pool, special_room

Skill      XL: |  1  2  3  4  5  6  7  8  9 10 11 12 13 14 15 16 |
---------------+-------------------------------------------------+-----
Axes           | 2 3 4 5 7 9 11 13 14 17 18 | 18.0
Dodging        | 2 |  2.0
Evocations     | 2 4 5 8 |  8.0
Fighting       | 7 11 14 15 16 18 | 18.4
Spellcasting   | 1 8 |  8.0
Air Magic      | 5 10 | 10.0
Armour         | 1 |  1.4
Stealth        | |  4.6

Action                     |  1- 3 |  4- 6 |  7- 9 | 10-12 | 13-15 | 16-18 || total
---------------------------+-------+-------+-------+-------+-------+-------++-------
  Melee: Hand axe          |    55 |   217 |   418 |   538 |       |       ||  1228
         Whip              |       |    66 |    69 |       |       |       ||   135
         Short sword       |       |       |     9 |       |       |       ||     9
         Trident           |       |       |    12 |    81 |   172 |   138 ||   403
         Broad axe         |       |       |       |   286 |  1613 |   595 ||  2494
         War axe           |       |       |       |       |    65 |       ||    65
  Throw: Dart              |       |       |     9 |    11 |    42 |       ||    62
         Javelin           |       |       |       |       |     8 |     1 ||     9
         Throwing net      |       |       |       |       |     2 |       ||     2
   Cast: Vhi's Electric Ch |       |       |       |       |    12 |     4 ||    16
         Summon Lightning  |       |       |       |       |       |    30 ||    30
Ability: Evoke Blink       |       |       |       |       |       |     1 ||     1
  Evoke: Lightning rod     |       |       |       |    15 |     9 |     3 ||    27
         Wand              |       |       |       |     1 |     2 |     8 ||    11
         Phial of floods   |       |       |       |       |     1 |       ||     1
         Phantom mirror    |       |       |       |       |       |     1 ||     1
    Use: Scroll            |     1 |     3 |     5 |     5 |    11 |     1 ||    26
         Potion            |       |       |       |     1 |     1 |     4 ||     6
   Stab: Sleeping          |     2 |     2 |     2 |       |       |       ||     6
         Distracted        |       |       |     1 |       |       |     5 ||     6
         Petrified         |       |       |       |       |     2 |       ||     2
         Held in net/web   |       |       |       |       |     3 |       ||     3
         Invisible         |       |       |       |       |       |     4 ||     4
         Confused          |       |       |       |       |       |     1 ||     1
 Armour: Leather armour    |    15 |       |       |       |       |       ||    15
         Chain mail        |       |    74 |    96 |   407 |   421 |   402 ||  1400
         Scale mail        |       |    29 |   120 |       |     4 |       ||   153
         Plate armour      |       |       |       |     7 |   281 |       ||   288
         Ring mail         |       |       |       |       |    11 |       ||    11
  Dodge: Dodged            |    30 |    78 |   141 |   272 |   444 |   237 ||  1202
  Block: Buckler           |     9 |    71 |   222 |   435 |   678 |   326 ||  1741
         Kite shield       |       |     3 |       |       |       |       ||     3
         Reflection        |       |     2 |    12 |     8 |    30 |    15 ||    67

Table legend: (Time is in decaauts)
 A = Elapsed time spent in this place.
 B = Non-inter-level travel time spent in this place.
 C = Inter-level travel time spent in this place.
 D = Time resting spent in this place.
 E = Time spent auto-exploring this place.
 F = Levels seen in this place.
 G = Mean time per level.
                   A        B        C        D        E       F      G
               +--------+--------+--------+--------+--------+-----+--------+
         Total |  40304 |  37744 |   2560 |   7959 |  17940 |  28 | 1439.4 |
       Dungeon |  20417 |  18773 |   1644 |   3661 |  10007 |  15 | 1361.1 |
          Lair |   7750 |   7187 |    563 |    995 |   4301 |   5 | 1550.0 |
        Shoals |    995 |    995 |      0 |    139 |    223 |   1 |  995.0 |
   Spider Nest |   6003 |   5745 |    258 |   1547 |   1931 |   4 | 1500.8 |
  Orcish Mines |   4475 |   4383 |     92 |   1454 |   1348 |   2 | 2237.5 |
      Gauntlet |    661 |    661 |      0 |    162 |    129 |   1 |  661.0 |
               +--------+--------+--------+--------+--------+-----+--------+

Top non-repeatable levels by time:
   Orc:2: 2767 daAuts
Spider:4: 2186 daAuts
     D:9: 2174 daAuts
  Lair:5: 2153 daAuts
     D:7: 2086 daAuts
Spider:2: 1977 daAuts
    D:14: 1912 daAuts
     D:8: 1824 daAuts
   Orc:1: 1708 daAuts
    D:11: 1703 daAuts
     D:5: 1666 daAuts
  Lair:4: 1643 daAuts
  Lair:3: 1463 daAuts
  Lair:1: 1403 daAuts
     D:4: 1305 daAuts
